 Dungeon Crawl Stone Soup version 0.17-a0-1497-g03599f7 (webtiles) character file.

31 urechis the Skirmisher (level 3, -1/24 HPs)
             Began as a Gargoyle Fighter on July 6, 2015.
             Slain by Alipheese's ghost (2 damage)
             ... on level 3 of the Dungeon.
             The game lasted 00:03:35 (1651 turns).

urechis the Skirmisher (Gargoyle Fighter)           Turns: 1651, Time: 00:03:35

Health: -1/24      AC: 11    Str: 19    XL:     3   Next: 22%
Magic:  3/3        EV:  9    Int:  8    God:
Gold:   89         SH:  4    Dex: 10    Spells: 0 memorised, 2 levels left

rFire  . . .     SeeInvis .     a - +0 flail
rCold  + . .     Clarity  .     p - +1 scale mail {rC+}
rNeg   + . .     SustAt   .     b - +0 buckler
rPois  ∞         Gourm    .     (no helmet)
rElec  +         Spirit   .     (no cloak)
rCorr  .         Warding  .     (no gloves)
rMut   .         Stasis   .     (no boots)
MR     .....                    (no amulet)
Stlth  ..........               (no ring)
                                (no ring)

@: not resistant to hostile enchantments, extremely unstealthy
A: negative energy resistance 1, electricity resistance, unbreathing,
petrification resistance, rot immunity, AC +3
a: no special abilities


You were on level 3 of the Dungeon.
You were not hungry.

You visited 1 branch of the dungeon, and saw 3 of its levels.

You collected 89 gold pieces.

Inventory:

Hand weapons
 a - a +0 flail (weapon)
Armour
 b - a +0 buckler (worn)
 p - a +1 scale mail of cold resistance (worn)
Scrolls
 f - 7 scrolls of identify {unknown}
 h - a scroll of teleportation {unknown}
 i - a scroll of fog {unknown}
 k - a scroll of enchant weapon {unknown}
 n - 2 scrolls of amnesia {unknown}
 o - 2 scrolls of magic mapping {unknown}
Potions
 d - 2 potions of might
 g - a potion of ambrosia {unknown}
 m - 2 potions of curing {unknown}
Comestibles
 c - a meat ration
 j - 2 slices of pizza
 l - 2 beef jerkies
 q - a bread ration


   Skills:
 + Level 4.0 Fighting
 + Level 2.7 Maces & Flails
 - Level 3.2 Armour
 * Level 3.4 Shields


You had 2 spell levels left.
You didn't know any spells.

Dungeon Overview and Level Annotations

Branches:
Dungeon (3/15)

Altars:
Ashenzari

Annotations:
D:3 Alipheese's ghost, average NaSk


Innate Abilities, Weirdness & Mutations

You are resistant to torment.
Your stone body is resilient (AC +3).
You are immune to poison.
You resist negative energy.
You are resistant to electric shocks.
You can survive without breathing.
You are immune to petrification.
You are immune to rotting.


Message History

Alipheese's ghost closely misses you.
You barely miss Alipheese's ghost.
Alipheese's ghost is almost destroyed.
Alipheese's ghost closely misses you.
You closely miss Alipheese's ghost.
Alipheese's ghost is almost destroyed.
Alipheese's ghost barely misses you.
You hit Alipheese's ghost.
Alipheese's ghost is almost destroyed.
Alipheese's ghost hits you.
* * * LOW HITPOINT WARNING * * *
x2 You block Alipheese's ghost's attack.
You hit Alipheese's ghost.
Alipheese's ghost is almost destroyed.
Alipheese's ghost hits you but does no damage.
You hit Alipheese's ghost.
Alipheese's ghost is almost destroyed.
Alipheese's ghost hits you.
* * * LOW HITPOINT WARNING * * *
You die...

#......#.......#..<#
#......#.......##..#
#......#######.###.#
#......#######.....#
#......#........####
#......#........# .
#.....†#........#
....#...............#
......W@............#
##........?.........#
#................###
##...............#
#.........#######
#.........#
#.........#
..........# .......


You could see Alipheese's ghost.

Vanquished Creatures
  A worm (D:3)
  An orc (D:3)
  5 bats
  2 giant cockroaches
  6 hobgoblins
  2 jackals
  A giant newt (D:1)
  3 goblins
  3 kobolds (D:1)
  3 rats
27 creatures vanquished.

Notes
Turn   | Place    | Note
--------------------------------------------------------------
     0 | D:1      | urechis the Gargoyle Fighter began the quest for the Orb.
     0 | D:1      | Reached XP level 1. HP: 14/14 MP: 1/1
   216 | D:1      | Reached XP level 2. HP: 19/19 MP: 2/2
  1004 | D:2      | Reached skill level 4 in Fighting
  1267 | D:2      | Found a shattered altar of Ashenzari.
  1452 | D:2      | Reached XP level 3. HP: 24/24 MP: 3/3
  1634 | D:3      | Noticed Alipheese's ghost (average NaSk)
  1651 | D:3      | HP: 1/24 [Alipheese's ghost (4)]
  1651 | D:3      | Slain by Alipheese's ghost

Vault maps used:
D:1:      minmay_arrival_four_circles, kennysheep_small_spiral, minivault_27
D:2:      lemuel_crystal_altar
D:3:      first_bread, corexii_corridor_pit, uniq_crazy_yiuf_cottage

Action                   || total
-------------------------++-------
Melee: Flail             ||   107
  Eat: Bread ration      ||     1
